 Dungeon Crawl Stone Soup version 0.22-b1-21-g5cfc1688f2 (webtiles) character file.

221730 Pisosu the Hoplite (level 18, -28/170 HPs)
             Began as a Minotaur Fighter on Aug 7, 2018.
             Was the Champion of Trog.
             Annihilated by an azure jelly (36 damage)
             ... on level 5 of the Lair of Beasts.
             The game lasted 02:48:28 (33182 turns).

Pisosu the Hoplite (Minotaur Fighter)              Turns: 33182, Time: 02:48:29

Health: -28/170    AC: 26    Str: 27    XL:     18   Next: 7%
Magic:  14/17      EV: 10    Int:  5    God:    Trog [******]
Gold:   1448       SH: 27    Dex: 16    Spells: 17/17 levels left

rFire    . . .     SeeInvis .   n - +4 flail (crush)
rCold    . . .     Gourm    +   J - +2 large shield
rNeg     . . .     Faith    .   A - +6 scale mail of the Learner {rElec Slay+5}
rPois    +         Spirit   .   (helmet restricted)
rElec    +         Reflect  .   T - +1 cloak {MR+}
rCorr    .         Harm     .   d - +2 pair of gloves
MR       ++++.                  m - +2 pair of boots of Ashenzari's Wrath {rPois Dex+4}
Stlth    ..........             y - amulet of the gourmand
HPRegen  1.38/turn              Z - +2 ring of slaying
MPRegen  0.15/turn              Q - ring of poison resistance

@: berserk cooldown, regenerating, hasted and slowed
A: retaliatory headbutt, horns 2
}: 2/15 runes: serpentine, barnacled
a: Berserk, Trog's Hand, Brothers in Arms, Renounce Religion


You were on level 5 of the Lair of Beasts.
You worshipped Trog.
Trog was exalted by your worship.
You were full.

You visited 8 branches of the dungeon, and saw 31 of its levels.
You also visited: Ossuary.

You collected 2296 gold pieces.
You spent 848 gold pieces at shops.

Inventory:

Hand Weapons
 a - a +7 hand crossbow of freezing
 n - a +4 flail of crushing (weapon)
 p - a +6 morningstar of holy wrath
 O - a +1 antimagic mace
Missiles
 c - 29 bolts
Armour
 b - the +0 cloak of Intuition {rElec rC+++ MR- MP+9}
   (You bought it in a shop on level 2 of the Orcish Mines)

   It renders you almost immune to cold.
   It insulates you from electricity.
   It affects your resistance to hostile enchantments.
   It affects your magic capacity (+9).
 d - a +2 pair of gloves (worn)
 m - the +2 pair of boots of Ashenzari's Wrath (worn) {rPois Dex+4}
   (You bought it in a shop on level 2 of the Orcish Mines)

   It affects your dexterity (+4).
   It protects you from poison.
 A - the +6 scale mail of the Learner (worn) {rElec Slay+5}
   (You found it on level 4 of the Dungeon)

   It affects your accuracy and damage with ranged weapons and melee attacks
   (+5).
   It insulates you from electricity.
 J - a +2 large shield (worn)
 T - a +1 cloak of magic resistance (worn)
Jewellery
 y - an amulet of the gourmand (around neck)
 z - an uncursed ring of resist corrosion
 C - the ring of Xom's Hope {-Tele rC- MP+9 Int+8 Dex+4}
   (You found it on level 1 of the Snake Pit)

   [ring of magical power]

   It affects your intelligence (+8).
   It affects your dexterity (+4).
   It makes you vulnerable to cold.
   It affects your magic capacity (+9).
   It prevents most forms of teleportation.
 H - an uncursed amulet of the acrobat
 L - an uncursed ring of positive energy
 Q - a ring of poison resistance (right hand)
 U - an uncursed ring of ice
 W - an uncursed ring of see invisible
 Z - a +2 ring of slaying (left hand)
Wands
 r - a wand of acid (23)
 u - a wand of scattershot (4)
 x - a wand of flame (63)
 E - a wand of disintegration (61)
 P - a wand of random effects (57)
 V - a wand of iceblast (22)
 X - a wand of paralysis (39)
Scrolls
 e - 4 scrolls of magic mapping
 g - 9 scrolls of remove curse
 h - 3 scrolls of brand weapon
 l - 8 scrolls of teleportation
 o - 4 scrolls of enchant armour
 q - a scroll of fear
 s - 7 scrolls of enchant weapon
 w - 4 scrolls of fog
 B - 5 scrolls of immolation
 G - 2 scrolls of silence
 R - 2 scrolls of acquirement
 S - a scroll of blinking
Potions
 i - 18 potions of curing
 j - 2 potions of magic
 k - a potion of might
 t - 4 potions of cancellation
 I - 4 potions of lignification
 M - 2 potions of flight {unknown}
 N - 4 potions of agility
Miscellaneous
 v - a sack of spiders
 D - a box of beasts
 Y - a fan of gales
Comestibles
 f - 51 rations


   Skills:
 + Level 17.2 Fighting
 + Level 18.3 Maces & Flails
 + Level 15.7 Armour
 + Level 23.2 Shields


You had 17 spell levels left.
You didn't know any spells.
Your spell library contained the following spells:

 Spells                   Type           Power        Failure   Level  Hunger
 Apportation              Tloc           #.....       75%         1    ##.....
 Confuse                  Hex            #.......     98%         3    ####...
 Invisibility             Hex            #.......     100%        6    #######
 Death's Door             Chrm/Necr      #.........   100%        8    #######
 Haunt                    Necr/Summ      #.........   100%        7    #######
 Borgnjor's Revivificati  Necr           #.........   100%        8    #######
 Tukima's Dance           Hex            #.......     98%         3    ####...
 Necromutation            Tmut/Necr      #.........   100%        8    #######
 Confusing Touch          Hex            #.....       75%         1    ##.....
 Metabolic Englaciation   Hex/Ice        #.........   100%        5    ######.
 Summon Butterflies       Summ           #.......     75%         1    ##.....
 Alistair's Intoxication  Tmut/Pois      #.......     100%        5    ######.
 Petrify                  Tmut/Erth      #.......     100%        4    #####..
 Gell's Gravitas          Tloc           #.........   98%         3    ####...
 Yara's Violent Unravell  Hex/Tmut       #.........   100%        5    ######.
 Infestation              Necr           #.........   100%        8    #######
 Lesser Beckoning         Tloc           #.........   98%         3    ####...


Dungeon Overview and Level Annotations

Branches:
Dungeon (13/15)            Temple (1/1) D:5            Lair (5/6) D:8
 Shoals (4/4) Lair:4        Snake (4/4) Lair:4        Slime (1/5) Lair:5
    Orc (2/2) D:12            Elf (1/3) Orc:2        Vaults (0/5) D:13

Altars:
Ashenzari
Dithmenos
Elyvilon
Fedhas
Gozag
Hepliaklqana
Kikubaaqudgha
Nemelex Xobeh
Okawaru
Qazlal
Ru
Sif Muna
Trog
Wu Jian
Xom
Yredelemnul
Zin
The Shining One

Shops:
D:7 *   Orc:2 ([:[*(:   Shoals:2 =   Shoals:3 }   Snake:4 }*(?


Innate Abilities, Weirdness & Mutations

You reflexively headbutt those who attack you in melee.
You have a pair of horns on your head.


Message History

Two slime creatures merge to form a large slime creature.
You block the slime creature's attack.
You feel your anger nearly subside.
You are no longer berserk.
You are exhausted.
You feel yourself slow down.
A large slime creature splits.
You block the azure jelly's attack.
The azure jelly hits you but does no damage.
You block the azure jelly's attack.
The azure jelly hits you but does no damage.
You closely miss the azure jelly. Your headbutt misses the azure jelly.
The azure jelly is severely wounded.
You block the azure jelly's attack. The azure jelly hits you.
* * * LOW HITPOINT WARNING * * *
The azure jelly freezes you!!
* * * LOW HITPOINT WARNING * * *
You block the azure jelly's attack. x2; A slime creature suddenly disappears!
You feel yourself speed up. The azure jelly hits you.
* * * LOW HITPOINT WARNING * * *
The azure jelly freezes you!!!
You die...

..P##....P##########
..........P.P.#....#
..................##
..##..#.###.#.###.#
..###.####..#####.###
.......#..#.#...#..P#####
.#....##..#J.#......#..P##
.##P..###.....###........##
.#.....##..>.JJJ@.###...#.#
.........#....###...#....##
.##...#.....#...#.....#.##
......#...#.#..#......#..#
.#....##.##.#####...>.P..#
.........##.##...........#
.P.##...................##
.#######.....P##........#
..#######.....#P........##


You could see 2 azure jellies and 2 slime creatures.

Vanquished Creatures
  Nikola (Snake:4)
  A kraken (Shoals:4)
  Kirke (Snake:4)
  7 nagarajas
  Ilsuiw (Shoals:4)
  An orc warlord (Orc:2)
  The ghost of Pisosu the Peltast, a journeyman MiFi of Trog (Snake:1)
  Azrael (Orc:2)
  A minotaur (Lair:2)
  6 merfolk javelineers
  11 merfolk impalers
  The ghost of Vuolope the Basher, a journeyman HuSk of Okawaru (Lair:2)
  An ogre mage (D:13)
  Josephine (Lair:4)
  Erolcha (D:11)
  A vault guard (D:13)
  Fannar (Lair:1)
  8 hydras
  3 merfolk avatars
  18 naga warriors
  An alligator snapping turtle (Shoals:4)
  6 merfolk aquamancers
  A centaur warrior (D:12)
  A death knight (D:12)
  3 two-headed ogres
  Erica (D:11)
  5 satyrs
  8 anacondas
  4 death yaks (Lair:5)
  Urug (D:11)
  11 naga sharpshooters
  4 orc high priests (Orc:2)
  Sonja (Lair:4)
  4 shock serpents
  3 salamander mystics
  6 skeletal warriors
  A deep elf knight (Elf:1)
  An unseen horror (D:12)
  10 sea snakes
  A wizard (D:13)
  Pikel (D:6)
  3 naga ritualists
  18 harpies
  2 phantasmal warriors (D:12)
  3 orc knights (Orc:2)
  9 mana vipers
  5 orc sorcerers (Orc:2)
  5 deep elf magi
  The ghost of brujo666 the Carver, a novice DsBe of Trog (D:6)
  10 manticores
  An ugly thing (D:11)
  4 cyclopes
  11 salamanders
  Maurice (D:10)
  24 fauns
  A centaur zombie (D:13)
  17 black mambas
  6 water nymphs
  18 naga magi
  9 merfolk sirens
  4 guardian serpents
  8 spiny frogs
  3 rime drakes
  A centaur skeleton (D:11)
  3 komodo dragons
  32 merfolk
  Prince Ribbit (D:6)
  6 trolls
  A hornet (D:11)
  3 polar bears (Lair:5)
  7 wind drakes
  4 hippogriffs
  12 blink frogs
  8 slime creatures
  6 dream sheep (Shoals:2)
  10 snapping turtles
  6 wraiths
  2 wyverns
  27 yaks
  10 water elementals
  3 fire elementals (Orc:2)
  3 hogs (D:9)
  A human (D:9)
  A basilisk (Lair:4)
  64 nagas
  3 hungry ghosts
  An acid dragon (D:12)
  3 wargs (Orc:2)
  A soldier ant (D:11)
  3 hell hounds (Orc:2)
  12 water moccasins
  Duvessa (D:4)
  8 porcupines
  31 orc warriors
  6 ice beasts
  2 phantoms
  3 sky beasts
  A slave (D:6)
  A black bear (D:13)
  2 necrophages
  11 centaurs
  8 ogres
  10 crocodiles
  A big kobold (D:11)
  Dowan (D:4)
  15 bullfrogs
  Blork the orc (D:4)
  A gnoll sergeant (Orc:2)
  3 scorpions
  4 wights
  4 howler monkeys
  8 crimson imps
  A bullfrog zombie (D:13)
  11 jellies
  A quasit (D:11)
  4 bullfrog skeletons
  5 hounds
  17 orc priests
  24 orc wizards
  3 iguanas
  Ijyb (D:3)
  Terence (D:3)
  4 worker ants
  A howler monkey zombie (D:9)
  14 gnolls
  13 adders
  A howler monkey skeleton (D:8)
  A shadow imp (D:13)
  5 oozes
  An adder zombie (Ossuary)
  3 adder skeletons
  A worm (D:2)
  2 dart slugs (D:1)
  5 leopard geckos
  82 orcs
  7 giant cockroaches
  7 goblins (D:2)
  7 hobgoblins
  2 jackals (D:4)
  8 kobolds
  6 quokkas
  A ball python (D:2)
  A ball python skeleton (Ossuary)
  9 bats
  5 frilled lizards
  A hobgoblin zombie (Ossuary)
  A jackal zombie (D:5)
  A kobold zombie (Ossuary)
  An orc skeleton (Ossuary)
  4 orc zombies (Ossuary)
  2 quokka skeletons
  10 rats
  3 plants
  3 tentacles (Shoals:4)
940 creatures vanquished.

Vanquished Creatures (collateral kills)
  A satyr (Shoals:1)
  A hippogriff (Shoals:1)
  A water elemental (Shoals:1)
3 creatures vanquished.

Vanquished Creatures (others)
  3 humans (Snake:4)
  A quokka (D:6)
  6 fungi
  17 plants
  13 tentacles (Shoals:4)
40 creatures vanquished.

Grand Total: 983 creatures vanquished

Notes
Turn   | Place    | Note
-------+----------+-------------------------------------------
     0 | D:1      | Pisosu the Minotaur Fighter began the quest for the Orb.
     0 | D:1      | Reached XP level 1. HP: 19/19 MP: 0/0
   128 | D:1      | Reached XP level 2. HP: 27/27 MP: 1/1
   200 | D:1      | Reached skill level 4 in Shields
   310 | D:1      | Reached XP level 3. HP: 28/33 MP: 2/2
   769 | D:2      | Reached XP level 4. HP: 16/40 MP: 3/3
  1361 | D:2      | Reached XP level 5. HP: 47/47 MP: 4/4
  1781 | D:3      | Reached skill level 5 in Shields
  1833 | D:3      | Noticed Ijyb
  1835 | D:3      | Noticed Terence
  1840 | D:3      | Killed Ijyb
  1848 | D:3      | Killed Terence
  2113 | D:4      | Reached skill level 5 in Armour
  2113 | D:4      | Reached XP level 6. HP: 53/55 MP: 5/5
  2156 | D:4      | Got an ancient scale mail
  2167 | D:4      | Identified the +6 scale mail of the Learner {rElec Slay+5} (You found it on level 4 of the Dungeon)
  2205 | D:4      | Noticed Duvessa
  2205 | D:4      | Noticed Dowan
  2212 | D:4      | Killed Duvessa
  2212 | D:4      | Reached skill level 5 in Fighting
  2212 | D:4      | Reached skill level 5 in Maces & Flails
  2222 | D:4      | Killed Dowan
  2222 | D:4      | Reached skill level 6 in Shields
  2558 | D:4      | Noticed Blork the orc
  2563 | D:4      | Killed Blork the orc
  2563 | D:4      | Reached XP level 7. HP: 59/61 MP: 4/6
  2764 | D:5      | Entered Level 5 of the Dungeon
  3296 | D:5      | Found a staircase to the Ecumenical Temple.
  3301 | Temple   | Entered the Ecumenical Temple
  3325 | Temple   | Became a worshipper of Trog the Wrathful
  3709 | D:6      | Noticed Prince Ribbit
  3724 | D:6      | Noticed Pikel
  3730 | D:6      | Killed Prince Ribbit
  3730 | D:6      | Reached XP level 8. HP: 56/68 MP: 5/7
  3741 | D:6      | Killed Pikel
  3741 | D:6      | Reached skill level 7 in Shields
  3911 | D:6      | Found a runed door.
  3915 | D:6      | Noticed brujo666's ghost (novice DsBe)
  3938 | D:6      | Killed brujo666's ghost
  3938 | D:6      | Reached XP level 9. HP: 54/76 MP: 5/8
  4229 | D:6      | Found a shattered altar of Ashenzari.
  4416 | D:7      | Reached * piety under Trog
  4514 | D:7      | Reached skill level 8 in Shields
  4601 | D:7      | Reached skill level 10 in Maces & Flails
  4612 | D:7      | Found a sacrificial altar of Ru.
  4675 | D:7      | Found Wouroym's Assorted Antiques.
  5075 | D:8      | Found a sand-covered staircase.
  5151 | Ossuary  | Entered an ossuary
  5443 | D:8      | Reached ** piety under Trog
  5492 | D:8      | Noticed a two-headed ogre
  5680 | D:9      | Reached XP level 10. HP: 85/85 MP: 9/9
  5722 | D:9      | Reached skill level 9 in Shields
  6056 | D:8      | Found a staircase to the Lair.
  6113 | D:8      | Noticed a deep elf mage
  6122 | D:8      | Killed a deep elf mage
  6179 | D:8      | Killed a two-headed ogre
  6345 | D:8      | Reached *** piety under Trog
  6881 | Lair:1   | Entered Level 1 of the Lair of Beasts
  6883 | Lair:1   | Reached skill level 10 in Shields
  6972 | Lair:1   | Noticed Fannar
  7034 | D:10     | Entered Level 10 of the Dungeon
  7155 | D:10     | Reached XP level 11. HP: 94/94 MP: 10/10
  7233 | D:10     | Reached skill level 10 in Armour
  7311 | D:10     | Noticed Maurice
  7315 | D:10     | Killed Maurice
  7760 | D:11     | Noticed Urug
  7913 | D:11     | Identified a scroll of acquirement
  7952 | D:11     | Noticed Erica
  7971 | D:11     | Reached **** piety under Trog
  8014 | D:11     | Noticed an unseen horror
  8116 | D:11     | Killed Erica
  8116 | D:11     | Reached skill level 11 in Shields
  8148 | D:11     | Noticed a red ugly thing
  8158 | D:11     | Killed a red ugly thing
  8358 | D:11     | Killed Urug
  8390 | D:11     | Noticed Erolcha
  8404 | D:11     | Killed Erolcha
  8556 | D:12     | Reached skill level 12 in Shields
  8575 | D:12     | Noticed a centaur warrior
  8584 | D:12     | Killed a centaur warrior
  8596 | D:12     | Noticed a skeletal warrior
  8596 | D:12     | Noticed a skeletal warrior
  8649 | D:11     | Killed a skeletal warrior
  8649 | D:11     | Reached skill level 10 in Fighting
  8911 | D:12     | Killed a skeletal warrior
  8911 | D:12     | Reached XP level 12. HP: 83/105 MP: 11/11
  9012 | D:12     | Noticed a two-headed ogre
  9023 | D:12     | Killed a two-headed ogre
  9102 | D:12     | Found a hazy altar of Hepliaklqana.
  9194 | D:12     | Noticed a death knight
  9259 | D:12     | Killed a death knight
  9282 | D:12     | Reached skill level 13 in Shields
  9606 | D:12     | Reached ***** piety under Trog
  9999 | D:12     | Found a staircase to the Orcish Mines.
 10085 | D:12     | Noticed a two-headed ogre
 10093 | D:12     | Killed a two-headed ogre
 10314 | Orc:1    | Entered Level 1 of the Orcish Mines
 10589 | Orc:2    | Entered Level 2 of the Orcish Mines
 10859 | Orc:2    | Found Otarilal's Book Boutique.
 10963 | Orc:2    | Found Myoronne's Weapon Boutique.
 11062 | Orc:2    | Noticed an orc high priest
 11063 | Orc:2    | Noticed an orc warlord
 11080 | Orc:2    | Killed an orc high priest
 11091 | Orc:2    | Killed an orc warlord
 11091 | Orc:2    | Reached skill level 14 in Shields
 11107 | Orc:2    | Paralysed by an orc sorcerer for 3 turns
 11362 | Orc:2    | Noticed an orc high priest
 11373 | Orc:2    | Killed an orc high priest
 11373 | Orc:2    | Reached XP level 13. HP: 108/115 MP: 12/12
 11450 | Orc:2    | Received a gift from Trog
 11476 | Orc:2    | Found a staircase to the Elven Halls.
 11476 | Orc:2    | Noticed Azrael
 11484 | Orc:2    | Found Seskuax's Antique Armour Shop.
 11484 | Orc:2    | Found Zamac's Antique Weapon Shop.
 11744 | Orc:2    | Reached skill level 15 in Maces & Flails
 11833 | Orc:2    | Killed Azrael
 11912 | Orc:1    | Noticed an orc warlord
 12434 | Orc:2    | Found Afaf's Armour Shoppe.
 12575 | Orc:2    | Found Ukust's General Store.
 12576 | Orc:2    | Found Vaobb's Book Boutique.
 12672 | Elf:1    | Entered Level 1 of the Elven Halls
 12862 | Orc:2    | Bought a warped cloak for 304 gold pieces
 12862 | Orc:2    | Bought a pair of glowing gloves for 240 gold pieces
 12862 | Orc:2    | Bought a pair of ancient boots for 304 gold pieces
 12872 | Orc:2    | Identified the cursed +0 cloak of Intuition {rElec rC+++ MR- MP+9} (You bought it in a shop on level 2 of the Orcish Mines)
 12882 | Orc:2    | Identified the +2 pair of boots of Ashenzari's Wrath {rPois Dex+4} (You bought it in a shop on level 2 of the Orcish Mines)
 12954 | Orc:2    | Reached skill level 15 in Shields
 13610 | Orc:1    | Received a gift from Trog
 14351 | D:13     | Found a sparkling altar of Nemelex Xobeh.
 14575 | D:13     | Paralysed by an ogre mage for 4 turns
 14617 | D:13     | Found a gate to the Vaults.
 15534 | Lair:1   | Killed Fannar
 15847 | Lair:3   | Reached XP level 14. HP: 127/127 MP: 13/13
 15995 | Lair:2   | Identified the Compendium of the Harmful Mountains
 16089 | Lair:2   | Found a runed gate.
 16091 | Lair:2   | Found a runed gate.
 16091 | Lair:2   | Found a runed gate.
 16111 | Lair:2   | Noticed Vuolope's ghost (journeyman HuSk)
 16123 | Lair:2   | Killed Vuolope's ghost
 16936 | Lair:3   | Reached skill level 16 in Shields
 17295 | Lair:3   | Received a gift from Trog
 18040 | Lair:4   | Found a staircase to the Snake Pit.
 18067 | Lair:4   | Noticed Sonja
 18101 | Lair:4   | Killed Sonja
 18314 | Snake:1  | Entered Level 1 of the Snake Pit
 18605 | Snake:1  | Found a glowing golden altar of the Shining One.
 18698 | Snake:1  | You fall through a shaft!
 18895 | Snake:2  | Reached skill level 17 in Shields
 19404 | Snake:2  | You fall through a shaft!
 19698 | Snake:3  | Found a shadowy altar of Dithmenos.
 19789 | Snake:3  | Reached XP level 15. HP: 138/138 MP: 14/14
 21129 | Snake:3  | Reached skill level 18 in Shields
 21300 | Snake:4  | Entered Level 4 of the Snake Pit
 21319 | Snake:3  | Reached ****** piety under Trog
 21368 | Snake:4  | Found Qauraschu's Gadget Emporium.
 21370 | Snake:4  | Found Muf Pewo's Antique Weapon Shoppe.
 21370 | Snake:4  | Found Ginn's General Store.
 21383 | Snake:4  | Noticed Nikola
 21393 | Snake:4  | Killed Nikola
 21673 | Snake:3  | Received a gift from Trog
 21709 | Snake:4  | Noticed Kirke
 21726 | Snake:4  | Killed Kirke
 22231 | Snake:4  | Reached skill level 15 in Fighting
 22287 | Snake:4  | Found Wasuir Vace's Magic Scroll Shoppe.
 22917 | Snake:4  | Reached skill level 19 in Shields
 23017 | Snake:4  | Noticed a nagaraja
 23036 | Snake:4  | Killed a nagaraja
 23520 | Snake:4  | Reached XP level 16. HP: 149/149 MP: 15/15
 23547 | Snake:4  | Received a gift from Trog
 23923 | Snake:4  | Reached skill level 15 in Armour
 23973 | Snake:4  | Reached skill level 20 in Shields
 24248 | Snake:4  | Got a serpentine rune of Zot
 24485 | Snake:1  | Found a runed door.
 24485 | Snake:1  | Noticed Pisosu's ghost (journeyman MiFi)
 24515 | Snake:1  | Killed Pisosu's ghost
 24881 | Snake:1  | Got a coiled silver ring
 25233 | Lair:4   | Found a staircase to the Shoals.
 25305 | Lair:4   | Noticed Josephine
 25316 | Lair:4   | Killed Josephine
 25423 | Lair:4   | Identified the ring of Xom's Hope {-Tele rC- MP+9 Int+8 Dex+4} (You found it on level 1 of the Snake Pit)
 25468 | Lair:4   | Received a gift from Trog
 25909 | Shoals:1 | Entered Level 1 of the Shoals
 26818 | Shoals:1 | Reached skill level 21 in Shields
 27479 | Shoals:2 | Found Lobuatem's Jewellery Boutique.
 27676 | Shoals:3 | Reached XP level 17. HP: 158/158 MP: 16/16
 28463 | Shoals:2 | Received a gift from Trog
 28484 | Shoals:2 | Got a warped falchion {god gift}
 28506 | Shoals:2 | Identified the +3 falchion "Leviticus" {slice, *Noise rN+ Str+4} (Trog gifted it to you on level 2 of the Shoals)
 29022 | Shoals:3 | Reached skill level 22 in Shields
 29130 | Shoals:3 | Found Ytwaby's Gadget Emporium.
 29375 | Shoals:4 | Entered Level 4 of the Shoals
 30401 | Shoals:4 | Identified Sif Muna's Volume of Flames
 30671 | Shoals:4 | Noticed Ilsuiw
 30713 | Shoals:4 | Killed Ilsuiw
 30809 | Shoals:4 | Received a gift from Trog
 31375 | Shoals:4 | Noticed a kraken
 31755 | Shoals:4 | Killed a kraken
 31755 | Shoals:4 | Reached skill level 23 in Shields
 32147 | Shoals:4 | Got a barnacled rune of Zot
 32543 | Lair:5   | Found a staircase to the Slime Pits.
 32563 | Slime:1  | Entered Level 1 of the Pits of Slime
 32573 | Slime:1  | Noticed an acid blob
 32656 | Lair:5   | Reached XP level 18. HP: 138/169 MP: 17/17
 33181 | Lair:5   | HP: 7/170 [azure jelly (27)]
 33182 | Lair:5   | Annihilated by an azure jelly

Skill      XL: |  1  2  3  4  5  6  7  8  9 10 11 12 13 14 15 16 17 |
---------------+----------------------------------------------------+-----
Armour         | 4 5 6 7 9 11 12 13 14 15 | 15.7
Fighting       | 4 5 6 7 8 10 11 12 14 15 16 17 | 17.2
Shields        | 4 5 6 7 8 10 12 14 15 17 19 21 23 | 23.2
Maces & Flails | 3 4 5 7 9 11 12 13 14 15 16 17 18 | 18.3

Action                   |  1- 3 |  4- 6 |  7- 9 | 10-12 | 13-15 | 16-18 || total
-------------------------+-------+-------+-------+-------+-------+-------++-------
Melee: Flail             |    84 |   181 |       |       |   862 |  1084 ||  2211
       Headbutt          |     9 |    32 |    51 |   162 |   298 |   311 ||   863
       Whip              |       |     3 |   248 |   651 |   233 |       ||  1135
       Morningstar       |       |       |       |       |       |     9 ||     9
 Fire: Hand crossbow     |       |       |       |       |       |   120 ||   120
Throw: Throwing net      |       |       |       |     2 |     1 |       ||     3
       Tomahawk          |       |       |       |       |       |     1 ||     1
Invok: Berserk           |       |       |       |     6 |     8 |     9 ||    23
       Trog's Hand       |       |       |       |     1 |     3 |    10 ||    14
       Brothers in Arms  |       |       |       |       |       |     2 ||     2
Evoke: Wand              |       |       |       |       |       |     3 ||     3
  Use: Scroll            |       |     1 |     6 |    14 |    19 |     6 ||    46
       Potion            |       |       |       |       |     5 |    11 ||    16
  Eat: Chunk             |       |     5 |    28 |    27 |    46 |    44 ||   150
Armor: Scale mail        |    35 |    18 |    69 |   132 |   291 |   344 ||   889
       Plate armour      |       |    97 |       |       |       |       ||    97
       Skin              |       |       |       |       |       |     7 ||     7
Dodge: Dodged            |    23 |    37 |    39 |    78 |   227 |   196 ||   600
Block: Shield            |    48 |   130 |    60 |   238 |   422 |       ||   898
       Buckler           |       |       |     2 |       |       |       ||     2
       Large shield      |       |       |       |       |   421 |  1404 ||  1825
